 Dungeon Crawl Stone Soup version 0.18.1-8-gdd0e5ea (console) character file.

4842 Kloppie the Spear-Bearer (level 10, 0/83 HPs)
             Began as a Merfolk Gladiator on June 8, 2016.
             Was an Elder of Okawaru.
             Slain by a five-headed hydra (8 damage)
             ... on level 9 of the Dungeon.
             The game lasted 00:16:02 (9694 turns).

Kloppie the Spear-Bearer (Merfolk Gladiator)        Turns: 9694, Time: 00:16:03

Health: 0/83       AC:  8    Str: 15    XL:     10   Next: 49%
Magic:  11/11      EV: 18    Int:  7    God:    Okawaru [****..]
Gold:   107        SH:  0    Dex: 17    Spells: 0 memorised, 9 levels left

rFire  + + .     SeeInvis .     a - +1 trident (pierce)
rCold  . . .     Gourm    +     x - +1 ring mail of the Dice {rElec rF+ Dex-2} (curse)
rNeg   . . .     Faith    .     (no shield)
rPois  .         Spirit   .     i - +0 helmet (curse)
rElec  +         Dismiss  .     b - +0 cloak
rCorr  .         Reflect  .     (no gloves)
SustAt .         Harm     .     (no boots)
MR     +....                    B - amulet of the gourmand
Stlth  +.........               I - ring of protection from magic
                                D - ring of protection from fire

@: somewhat resistant to hostile enchantments, very unstealthy
A: change form in water, swift swim
a: Heroism, Renounce Religion


You were on level 9 of the Dungeon.
You worshipped Okawaru.
Okawaru was greatly pleased with you.
You were very full.

You visited 2 branches of the dungeon, and saw 10 of its levels.

You collected 497 gold pieces.
You spent 390 gold pieces at shops.

Inventory:

Hand Weapons
 a - a +1 trident of piercing (weapon)
 e - a +3 halberd
Missiles
 d - a throwing net (quivered)
 J - 4 javelins
Armour
 b - a +0 cloak (worn)
 i - a cursed +0 helmet (worn)
 m - the +1 robe of Indomitability {rPois Slay+5}
   (You found it on level 4 of the Dungeon)

   It affects your accuracy and damage with ranged weapons and melee attacks
   (+5).
   It protects you from poison.
 p - a +2 robe of the Archmagi
 x - the cursed +1 ring mail of the Dice (worn) {rElec rF+ Dex-2}
   (You bought it in a shop on level 7 of the Dungeon)

   It affects your dexterity (-2).
   It protects you from fire.
   It insulates you from electricity.
   It has a curse placed upon it.
Jewellery
 B - an amulet of the gourmand (around neck)
 D - a ring of protection from fire (left hand)
 I - a ring of protection from magic (right hand)
Wands
 l - a wand of iceblast (9/15)
 o - a wand of teleportation (9/9)
 s - a wand of enslavement (13/24)
 v - a wand of digging (12/24)
 C - a wand of slowing (18/48)
 L - a wand of flame (16/48)
Scrolls
 c - 2 scrolls of identify
 h - 7 scrolls of remove curse
 t - 2 scrolls of teleportation
 u - 2 scrolls of fear
 y - 5 scrolls of recharging
 F - a scroll of enchant weapon
 H - a scroll of vulnerability {unknown}
Potions
 j - a potion of cancellation
 k - a potion of curing {unknown}
 n - 2 potions of brilliance {unknown}
 q - a potion of mutation {unknown}
 w - 2 potions of cure mutation {unknown}
 E - 2 potions of might {unknown}
Books
 A - a book of the Sky

   Spells                             Type                      Level
   a - Summon Lightning Spire         Summoning/Air                4
   b - Airstrike                      Air                          4
   c - Silence                        Hexes/Air                    5
   d - Deflect Missiles               Charms/Air                   6
   e - Conjure Ball Lightning         Conjuration/Air              6
   f - Tornado                        Air                          9
 K - a Grand Grimoire

   Spells                             Type                      Level
   a - Monstrous Menagerie            Summoning                    7
   b - Summon Greater Demon           Summoning                    7
   c - Malign Gateway                 Summoning/Translocation      7
   d - Summon Horrible Things         Summoning                    8
Comestibles
 f - 6 bread rations
 g - 5 beef jerkies
 r - 5 fruits
 z - 2 slices of pizza
 G - 2 meat rations


   Skills:
 + Level 9.4 Fighting
 + Level 12.9 Polearms
 - Level 2.0 Throwing
 + Level 11.7 Dodging
 - Level 2.1 Invocations


You had 9 spell levels left.
You didn't know any spells.

Dungeon Overview and Level Annotations

Branches:
Dungeon (9/15)             Temple (1/1) D:5
   Lair: D:8-11         Orc: D:9-12

Altars:
Ashenzari
Cheibriados
Dithmenos
Elyvilon
Fedhas
Gozag
Kikubaaqudgha
Makhleb
Nemelex Xobeh
Okawaru
Pakellas
Qazlal
Ru
Sif Muna
Trog
Vehumet
Xom
Yredelemnul
Zin
The Shining One

Shops:
D:5 *   D:7 *[[:

Annotations:
D:4 exclusion: statue
D:8 Kloppie's ghost, novice DrSk


Message History

The five-headed hydra bites you.
* * * LOW HITPOINT WARNING * * *
You hit the five-headed hydra.
The five-headed hydra is heavily wounded.
You hit the five-headed hydra.
The five-headed hydra is heavily wounded.
The five-headed hydra bites you but does no damage.
The five-headed hydra bites you!
* * * LOW HITPOINT WARNING * * *
The five-headed hydra barely misses you. x2
The five-headed hydra bites you!
* * * LOW HITPOINT WARNING * * *
You barely miss the five-headed hydra.
The five-headed hydra is heavily wounded.
The five-headed hydra bites you!
* * * LOW HITPOINT WARNING * * *
The five-headed hydra barely misses you.
The five-headed hydra bites you but does no damage.
The five-headed hydra bites you!
You die...

......# #...#.....#...# ......###
#...#.....#...#
...............#.....'...#
...............#.....#...#
...............+.....#...#
...............#.....#...#
####.......... #.....#...#######.
...#...........##..###...........
...#...........D@#.#.............
...+..####+#......_..............
...#..# #.....#.#.............
####..# ##....................
......# #....................
......# #....................
......#+#####..................##
............<....#######.......#
####.............# #.......#


You could see a five-headed hydra.

Vanquished Creatures
  A hill giant (D:6)
  The ghost of moosely the Shield-Bearer, an amateur DDFi of Gozag (D:6)
  2 trolls
  A hippogriff (D:8)
  The ghost of Gargoyl the Skirmisher, an amateur DsAK of Lugonu (D:3)
  Grum (D:8)
  Menkaure (D:6)
  3 water moccasins (D:5)
  An orc warrior (D:6)
  2 sky beasts
  2 ice beasts
  2 ogres
  4 wolves (D:8)
  5 centaurs
  2 giant frogs
  A big kobold (D:7)
  A wyvern skeleton (D:6)
  2 vampire bats (D:7)
  7 crimson imps
  A giant frog zombie (D:7)
  A quasit (D:9)
  A giant frog skeleton (D:6)
  A hound (D:4)
  3 orc priests
  Jessica (D:2)
  2 iguanas (D:8)
  4 orc wizards
  5 worker ants
  2 hound skeletons
  A hound zombie (D:6)
  A howler monkey zombie (D:6)
  A worker ant zombie (D:7)
  11 adders
  15 gnolls
  An ooze (D:5)
  2 adder zombies
  3 adder skeletons
  A worm (D:3)
  6 giant geckos
  20 orcs
  3 giant cockroaches
  5 goblins
  2 hobgoblins
  9 jackals
  A ball python (D:2)
  10 bats
  A giant gecko skeleton (D:4)
  5 giant newts
  A jackal skeleton (D:5)
  14 kobolds
  A quokka zombie (D:6)
  3 rats
178 creatures vanquished.

Notes
Turn   | Place    | Note
--------------------------------------------------------------
     0 | D:1      | Kloppie the Merfolk Gladiator began the quest for the Orb.
     0 | D:1      | Reached XP level 1. HP: 16/16 MP: 1/1
   373 | D:1      | Reached XP level 2. HP: 22/23 MP: 2/2
   766 | D:2      | Noticed Jessica
   787 | D:2      | Reached skill level 5 in Polearms
   788 | D:2      | Reached XP level 3. HP: 16/28 MP: 3/3
  1278 | D:2      | Killed Jessica
  1278 | D:2      | Reached XP level 4. HP: 29/35 MP: 4/4
  1567 | D:2      | Reached skill level 5 in Dodging
  1940 | D:3      | Noticed Gargoyl's ghost (amateur DsAK)
  2211 | D:3      | Killed Gargoyl's ghost
  2211 | D:3      | Reached skill level 6 in Polearms
  2211 | D:3      | Reached XP level 5. HP: 23/42 MP: 5/5
  2211 | D:3      | Reached XP level 6. HP: 27/48 MP: 6/6
  2749 | D:3      | Reached skill level 7 in Polearms
  3384 | D:4      | Got an ichor-stained robe
  3387 | D:4      | Identified the +1 robe of Indomitability {rPois Slay+5} (You found it on level 4 of the Dungeon)
  3463 | D:4      | Found a radiant altar of Vehumet.
  3711 | D:4      | Found a burning altar of Makhleb.
  3955 | D:5      | Entered Level 5 of the Dungeon
  3959 | D:5      | Found a staircase to the Ecumenical Temple.
  3966 | Temple   | Entered the Ecumenical Temple
  4239 | Temple   | Became a worshipper of Warmaster Okawaru
  4375 | D:5      | Reached XP level 7. HP: 55/55 MP: 7/7
  4473 | D:5      | Reached skill level 5 in Fighting
  4473 | D:5      | Reached skill level 8 in Polearms
  4589 | D:5      | Found Plog's Serpentskin Sales.
  4596 | D:5      | Reached * piety under Okawaru
  4633 | D:5      | Reached XP level 8. HP: 26/64 MP: 8/8
  4887 | D:5      | Reached skill level 9 in Polearms
  5412 | D:6      | Noticed Menkaure
  5420 | D:6      | Killed Menkaure
  5500 | D:6      | Reached ** piety under Okawaru
  5528 | D:6      | Found a deep blue altar of Sif Muna.
  5606 | D:6      | Noticed a troll
  5617 | D:6      | Killed a troll
  5617 | D:6      | Reached skill level 10 in Polearms
  5851 | D:6      | Noticed moosely's ghost (amateur DDFi)
  5953 | D:6      | Reached XP level 9. HP: 31/72 MP: 9/9
  6120 | D:6      | Killed moosely's ghost
  6320 | D:6      | Noticed a hill giant
  6366 | D:6      | Killed a hill giant
  6366 | D:6      | Reached *** piety under Okawaru
  6366 | D:6      | Reached skill level 11 in Polearms
  6366 | D:6      | Reached skill level 10 in Dodging
  6909 | D:6      | Found an oddly glowing altar of Pakellas.
  7266 | D:7      | Found Baosab's Book Shop.
  7363 | D:7      | Found Seczuuc's Antique Armour Boutique.
  7371 | D:7      | Bought a pitted ring mail for 243 gold pieces
  7381 | D:7      | Identified the cursed +1 ring mail of the Dice {rElec rF+ Dex-2} (You bought it in a shop on level 7 of the Dungeon)
  7565 | D:7      | Found an opulent altar of Gozag.
  7710 | D:7      | Reached **** piety under Okawaru
  7778 | D:7      | Found Suinid's General Store.
  7790 | D:7      | Bought a scroll of identify for 22 gold pieces
  7790 | D:7      | Bought a scroll of identify for 22 gold pieces
  7849 | D:7      | Found Akikaivi's Antique Armour Emporium.
  7866 | D:7      | Reached skill level 12 in Polearms
  7866 | D:7      | Reached XP level 10. HP: 77/82 MP: 11/11
  7881 | D:7      | Bought a glowing helmet for 103 gold pieces
  8020 | D:7      | Found a stormy altar of Qazlal.
  8272 | D:8      | Noticed Grum
  8283 | D:8      | Killed Grum
  8471 | D:8      | Found a bloodstained altar of Trog.
  8631 | D:8      | Found a shimmering altar of Xom.
  8632 | D:8      | Found an opulent altar of Gozag.
  8674 | D:8      | Noticed Kloppie's ghost (novice DrSk)
  9538 | D:9      | Received a gift from Okawaru
  9662 | D:9      | Found a sacrificial altar of Ru.
  9684 | D:9      | Noticed a five-headed hydra
  9694 | D:9      | Slain by a five-headed hydra

Skill      XL: |  1  2  3  4  5  6  7  8  9 10 |
---------------+-------------------------------+-----
Polearms       | 5 6 7 8 10 12 | 12.9
Fighting       | 3 4 5 7 8 9 |  9.4
Dodging        | 5 6 7 9 10 11 | 11.7
Invocations    | 2 |  2.1
Throwing       | |  2.0

Action                   |  1- 3 |  4- 6 |  7- 9 | 10-12 || total
-------------------------+-------+-------+-------+-------++-------
Melee: Trident           |    47 |       |   211 |   203 ||   461
       Spear             |     9 |   199 |   121 |       ||   329
Throw: Throwing net      |     3 |       |       |     2 ||     5
Evoke: Wand              |       |       |       |     1 ||     1
  Use: Scroll            |       |     6 |    11 |     1 ||    18
       Potion            |       |       |     1 |       ||     1
 Stab: Held in net/web   |     5 |       |       |     1 ||     6
       Sleeping          |       |    10 |     3 |     1 ||    14
       Distracted        |       |       |     2 |       ||     2
  Eat: Chunk             |     1 |     8 |    24 |     4 ||    37
       Fruit             |       |     1 |       |       ||     1
Armor: Leather armour    |     4 |       |       |       ||     4
       Robe              |       |    24 |    22 |       ||    46
       Ring mail         |       |       |     6 |    30 ||    36
Dodge: Dodged            |    34 |    79 |   181 |   138 ||   432
